TOP OF THE 1ST |
Arizona Wildcats batting - Pitching for Ohio State Buckeyes : RHP Don Feightner
|
Pitching: RHP Don Feightner
|
|
Batting: LHB Larry Smith
|
0-0: Ball 1-0: Ball 2-0: Foul Ball, location: 2F 2-1: Foul Ball, location: 2F 2-2: Foul Ball, location: 2F 2-2: Fly out, F8 (Flyball, 8LM)
|
Batting: RHB Jorge Colorada
|
0-0: Foul Ball, location: 2F 0-1: Ball 1-1: Ball 2-1: Ball 3-1: Base on Balls
|
Batting: RHB Gordon Owens
|
0-0: Ball 1-0: Swinging Strike 1-1: Ball 2-1: Foul Ball, location: 2F 2-2: Strikes out looking
|
Batting: LHB Larry Battle
|
0-0: Fielders Choice at 2nd, 5-4 (Groundball, 56)
|
Top of the 1st over - 0 run(s), 0 hit(s), 0 error(s), 0 left on base; Arizona 0 - Ohio State 0 |
BOTTOM OF THE 1ST |
Ohio State Buckeyes batting - Pitching for Arizona Wildcats : RHP Nick Baker
|
Pitching: RHP Nick Baker
|
|
Batting: RHB Alan Evans
|
0-0: Ball 1-0: Called Strike 1-1: Called Strike 1-2: Strikes out looking
|
Batting: SHB Bill House
|
0-0: Called Strike 0-1: Fly out, F5 (Popup, 5F)
|
Batting: LHB Joel Nelson
|
0-0: Called Strike 0-1: Fly out, F7 (Line Drive, 7M)
|
Bottom of the 1st over - 0 run(s), 0 hit(s), 0 error(s), 0 left on base; Arizona 0 - Ohio State 0 |
BOTTOM OF THE 2ND |
Ohio State Buckeyes batting - Pitching for Arizona Wildcats : RHP Nick Baker
|
Batting: LHB Milo Glenn
|
0-0: Called Strike 0-1: Called Strike 0-2: Ball 1-2: Ball 2-2: SINGLE (Groundball, 5D)
|
Batting: RHB Richie Sawyer
|
0-0: Ball 1-0: Grounds into double play, 6-4-3 (Groundball, 6)
|
Batting: LHB Roberto Herrera
|
0-0: Ball 1-0: Called Strike 1-1: Called Strike 1-2: Strikes out looking
|
Bottom of the 2nd over - 0 run(s), 1 hit(s), 0 error(s), 0 left on base; Arizona 2 - Ohio State 0 |
TOP OF THE 3RD |
Arizona Wildcats batting - Pitching for Ohio State Buckeyes : LHP Wilton Mahony
|
Batting: RHB Jorge Colorada
|
0-0: Fly out, F8 (Flyball, 8RM)
|
Batting: RHB Gordon Owens
|
0-0: Called Strike 0-1: Swinging Strike 0-2: Ball 1-2: Fly out, F8 (Flyball, 89XD)
|
Batting: LHB Larry Battle
|
0-0: Ball 1-0: Swinging Strike 1-1: Foul Ball, location: 2F 1-2: Ball 2-2: Fly out, F7 (Flyball, 7M)
|
Top of the 3rd over - 0 run(s), 0 hit(s), 0 error(s), 0 left on base; Arizona 2 - Ohio State 0 |
BOTTOM OF THE 3RD |
Ohio State Buckeyes batting - Pitching for Arizona Wildcats : RHP Nick Baker
|
Batting: RHB John Robertson
|
0-0: Called Strike 0-1: Fly out, F5 (Popup, 5F)
|
Batting: RHB George Pierce
|
0-0: Ball 1-0: Ball 2-0: Foul Ball, location: 2F 2-1: Foul Ball, location: 2F 2-2: Ball 3-2: Strikes out swinging
|
Batting: RHB Frank Hester
|
0-0: Ball 1-0: Foul Ball, location: 2F 1-1: Ball 2-1: Foul Ball, location: 2F 2-2: Strikes out swinging
|
Bottom of the 3rd over - 0 run(s), 0 hit(s), 0 error(s), 0 left on base; Arizona 2 - Ohio State 0 |
TOP OF THE 4TH |
Arizona Wildcats batting - Pitching for Ohio State Buckeyes : LHP Wilton Mahony
|
Batting: RHB Arnold Flint
|
0-0: Foul Ball, location: 2F 0-1: Swinging Strike 0-2: Ground out U3 (Groundball, 3)
|
Batting: RHB Juan Navarro
|
0-0: Called Strike 0-1: Swinging Strike 0-2: Ball 1-2: Ground out 4-3 (Groundball, 4)
|
Batting: RHB Jake Lawrence
|
0-0: Foul Ball, location: 2F 0-1: Swinging Strike 0-2: Ground out 4-3 (Groundball, 6MS)
|
Top of the 4th over - 0 run(s), 0 hit(s), 0 error(s), 0 left on base; Arizona 2 - Ohio State 0 |
BOTTOM OF THE 4TH |
Ohio State Buckeyes batting - Pitching for Arizona Wildcats : RHP Nick Baker
|
Batting: RHB Alan Evans
|
0-0: Ball 1-0: Foul Ball, location: 2F 1-1: Called Strike 1-2: Fly out, F2 (Popup, 2RF)
|
Batting: SHB Bill House
|
0-0: Foul Ball, location: 2F 0-1: Foul Ball, location: 2F 0-2: Strikes out swinging
|
Batting: LHB Joel Nelson
|
0-0: Ball 1-0: Called Strike 1-1: Foul Ball, location: 2F 1-2: Fly out, F8 (Line Drive, 8LM)
|
Bottom of the 4th over - 0 run(s), 0 hit(s), 0 error(s), 0 left on base; Arizona 2 - Ohio State 0 |
TOP OF THE 5TH |
Arizona Wildcats batting - Pitching for Ohio State Buckeyes : LHP Wilton Mahony
|
Batting: RHB Maurice Long
|
0-0: Called Strike 0-1: Ball 1-1: Ball 2-1: Swinging Strike 2-2: Strikes out looking
|
Batting: RHB David Barker
|
0-0: Ball 1-0: Called Strike 1-1: Foul Ball, location: 2F 1-2: Foul Ball, location: 2F 1-2: Ball 2-2: Ball 3-2: Foul Ball, location: 2F 3-2: Ground out 5-3 (Groundball, 5L)
|
Pitching: RHP Greg MacGilroy
|
|
Batting: LHB Larry Smith
|
0-0: Swinging Strike 0-1: Swinging Strike 0-2: Strikes out swinging
|
Top of the 5th over - 0 run(s), 0 hit(s), 0 error(s), 0 left on base; Arizona 2 - Ohio State 0 |
BOTTOM OF THE 5TH |
Ohio State Buckeyes batting - Pitching for Arizona Wildcats : RHP Nick Baker
|
Batting: LHB Milo Glenn
|
0-0: Ball 1-0: SINGLE (Flyball, 89S)
|
Batting: RHB Richie Sawyer
|
0-0: Ball 1-0: Called Strike 1-1: Fly out, F6 (Line Drive, 56)
|
Batting: LHB Roberto Herrera
|
0-0: Called Strike 0-1: Swinging Strike 0-2: Foul Ball, location: 2F 0-2: Strikes out swinging
|
Batting: RHB John Robertson
|
0-0: Swinging Strike 0-1: Ball 1-1: Foul Ball, location: 2F 1-2: 2-RUN HOME RUN (Flyball, 78XD), Distance : 387 ft
|
Batting: RHB George Pierce
|
0-0: Ball 1-0: Swinging Strike 1-1: Foul Ball, location: 2F 1-2: Ball 2-2: Ground out 4-3 (Groundball, 13)
|
Bottom of the 5th over - 2 run(s), 2 hit(s), 0 error(s), 0 left on base; Arizona 2 - Ohio State 2 |
TOP OF THE 6TH |
Arizona Wildcats batting - Pitching for Ohio State Buckeyes : RHP Greg MacGilroy
|
Batting: RHB Jorge Colorada
|
0-0: Ball 1-0: Ball 2-0: Foul Ball, location: 2F 2-1: Ball 3-1: Fly out, F4 (Popup, 34D)
|
Batting: RHB Gordon Owens
|
0-0: Ground out 1-3 (Groundball, 15)
|
Batting: LHB Larry Battle
|
0-0: Ball 1-0: Foul Ball, location: 2F 1-1: Ground out 4-3 (Groundball, 4)
|
Top of the 6th over - 0 run(s), 0 hit(s), 0 error(s), 0 left on base; Arizona 2 - Ohio State 2 |
BOTTOM OF THE 6TH |
Ohio State Buckeyes batting - Pitching for Arizona Wildcats : RHP Nick Baker
|
Batting: RHB Frank Hester
|
0-0: Called Strike 0-1: Called Strike 0-2: Ball 1-2: Foul Ball, location: 2F 1-2: Fly out, F7 (Flyball, 78M)
|
Batting: RHB Alan Evans
|
0-0: Foul Ball, location: 2F 0-1: Foul Ball, location: 2F 0-2: Strikes out swinging
|
Batting: SHB Bill House
|
0-0: Ball 1-0: Foul Ball, location: 2F 1-1: Ball 2-1: SINGLE (Groundball, 6M)
|
Pitching: LHP John Keller
|
|
Batting: LHB Joel Nelson
|
0-0: Called Strike 0-1: Ball 1-1: Called Strike 1-2: Ball 2-2: Foul Ball, location: 2F 2-2: Strikes out swinging
|
Bottom of the 6th over - 0 run(s), 1 hit(s), 0 error(s), 1 left on base; Arizona 2 - Ohio State 2 |
TOP OF THE 7TH |
Arizona Wildcats batting - Pitching for Ohio State Buckeyes : RHP Greg MacGilroy
|
Batting: RHB Arnold Flint
|
0-0: Ball 1-0: Ball 2-0: Ground out 3-1 (Groundball, 34)
|
Batting: RHB Juan Navarro
|
0-0: Called Strike 0-1: Called Strike 0-2: Strikes out looking
|
Batting: RHB Jake Lawrence
|
0-0: Foul Ball, location: 2F 0-1: Fly out, F9 (Flyball, 89M)
|
Top of the 7th over - 0 run(s), 0 hit(s), 0 error(s), 0 left on base; Arizona 2 - Ohio State 2 |
BOTTOM OF THE 7TH |
Ohio State Buckeyes batting - Pitching for Arizona Wildcats : LHP John Keller
|
Batting: LHB Milo Glenn
|
0-0: Ground out 4-3 (Groundball, 4)
|
Batting: RHB Richie Sawyer
|
0-0: Ball 1-0: Foul Ball, location: 2F 1-1: Ball 2-1: Swinging Strike 2-2: Ball 3-2: Base on Balls
|
Batting: LHB Roberto Herrera
|
0-0: Swinging Strike 0-1: DOUBLE (Line Drive, 8RM) Richie Sawyer to third Runner from 3rd tries for Home, SAFE, throw made home
|
Batting: RHB John Robertson
|
0-0: Intentional Walk
|
Batting: RHB George Pierce
|
0-0: Called Strike 0-1: SINGLE (Groundball, 4M) Roberto Herrera to third John Robertson to second
|
Batting: RHB Frank Hester
|
0-0: Called Strike 0-1: Called Strike 0-2: Ball 1-2: Foul Ball, location: 2F 1-2: Ball 2-2: Ball 3-2: Base on Balls Roberto Herrera scores John Robertson to third George Pierce to second
|
Batting: RHB Alan Evans
|
0-0: Ball 1-0: Fly out, F9 (Popup, 3D)
|
Batting: SHB Bill House
|
0-0: Ball 1-0: Foul Ball, location: 2F 1-1: Ball Wild Pitch! John Robertson scores George Pierce to third Frank Hester to second 2-1: Swinging Strike 2-2: Ball 3-2: Foul Ball, location: 2F 3-2: Strikes out looking
|
Bottom of the 7th over - 3 run(s), 2 hit(s), 0 error(s), 2 left on base; Arizona 2 - Ohio State 5 |
TOP OF THE 8TH |
Arizona Wildcats batting - Pitching for Ohio State Buckeyes : RHP Greg MacGilroy
|
Pitching: LHP Tommy Campbell
|
|
Now at SS: Bernard Farley
|
|
Batting: RHB Maurice Long
|
0-0: Ball 1-0: Ball 2-0: Ball 3-0: Base on Balls
|
Pitching: RHP Elijah Justice
|
|
Batting: RHB David Barker
|
0-0: Grounds into double play, 1-6-3 (Groundball, 13)
|
Batting: LHB Larry Smith
|
0-0: Foul Ball, location: 2F 0-1: Swinging Strike 0-2: Strikes out looking
|
Top of the 8th over - 0 run(s), 0 hit(s), 0 error(s), 0 left on base; Arizona 2 - Ohio State 5 |
BOTTOM OF THE 8TH |
Ohio State Buckeyes batting - Pitching for Arizona Wildcats : LHP John Keller
|
Pitching: RHP Matt Cleveland
|
|
Batting: LHB Joel Nelson
|
0-0: Ball 1-0: Called Strike 1-1: Ball 2-1: Ball 3-1: Base on Balls
|
Batting: LHB Milo Glenn
|
0-0: Ball 1-0: Called Strike 1-1: Foul Ball, location: 2F 1-2: Foul Ball, location: 2F 1-2: Ball 2-2: DOUBLE (Line Drive, 9LM) Joel Nelson to third
|
Batting: RHB Richie Sawyer
|
0-0: Intentional Walk
|
Batting: LHB Roberto Herrera
|
0-0: Ball 1-0: Ball 2-0: Called Strike 2-1: Ball 3-1: Grounds into fielders choice 4-2 (Groundball, 34) Milo Glenn to third Richie Sawyer to second
|
Batting: RHB John Robertson
|
0-0: Ball 1-0: Ball 2-0: Called Strike 2-1: Foul Ball, location: 2F 2-2: Ball 3-2: Foul Ball, location: 2F 3-2: Base on Balls Milo Glenn scores Richie Sawyer to third Roberto Herrera to second
|
Batting: RHB George Pierce
|
0-0: Foul Ball, location: 2F 0-1: GRAND SLAM HOME RUN (Line Drive, 7D), Distance : 357 ft
|
Pitching: RHP Tynan Foster
|
|
Batting: RHB Frank Hester
|
0-0: Called Strike 0-1: SINGLE (Groundball, 6MD)
|
Batting: RHB Alan Evans
|
Single, Error in OF, E7, batter to second base Frank Hester to third
|
Batting: SHB Bernard Farley
|
0-0: Swinging Strike 0-1: Called Strike 0-2: Ball 1-2: Foul Ball, location: 2F 1-2: Strikes out swinging
|
Batting: LHB Joel Nelson
|
0-0: Called Strike 0-1: SINGLE (Groundball, 34D) (infield hit) Frank Hester scores Alan Evans to third
|
Batting: LHB Milo Glenn
|
0-0: Fly out, F5 (Popup, 5)
|
Bottom of the 8th over - 6 run(s), 5 hit(s), 1 error(s), 2 left on base; Arizona 2 - Ohio State 11 |
TOP OF THE 9TH |
Arizona Wildcats batting - Pitching for Ohio State Buckeyes : RHP Elijah Justice
|
Now at 1B: Theodore Draper
|
|
Now at 3B: Mario Muñíz
|
|
Batting: RHB Jorge Colorada
|
0-0: Ball 1-0: Ground out 6-3 (Groundball, 6M)
|
Batting: RHB Gordon Owens
|
0-0: Ball 1-0: Foul Ball, location: 2F 1-1: Foul Ball, location: 2F 1-2: Strikes out looking
|
Batting: LHB Larry Battle
|
0-0: Called Strike 0-1: Fly out, F7 (Flyball, 7M)
|
Top of the 9th over - 0 run(s), 0 hit(s), 0 error(s), 0 left on base; Arizona 2 - Ohio State 11 |
|